 Dungeon Crawl Stone Soup version 0.19.0-11-g3fc08b3 (webtiles) character file.

1629 jerryfan the Spear-Bearer (level 8, -9/71 HPs)
             Began as a Green Draconian Berserker on Nov 7, 2016.
             Was an Elder of Trog.
             Killed from afar by an electric eel (16 damage)
             ... with a bolt of electricity
             ... on level 6 of the Dungeon on Nov 9, 2016.
             The game lasted 00:22:52 (5357 turns).

jerryfan the Spear-Bearer (DrBe)                    Turns: 5357, Time: 00:22:53

Health: -9/71      AC:  6    Str: 22    XL:     8   Next: 65%
Magic:  8/8        EV: 14    Int:  7    God:    Trog [****..]
Gold:   378        SH:  0    Dex: 11    Spells: 0 memorised, 7 levels left

rFire  . . .     SeeInvis .     a - +0 spear
rCold  . . .     Gourm    .     (armour unavailable)
rNeg   . . .     Faith    .     (no shield)
rPois  +         Spirit   .     (helmet restricted)
rElec  .         Reflect  .     (no cloak)
rCorr  .         Harm     +     (no gloves)
MR     .....                    (no boots)
Stlth  ++........               s - amulet of harm
                                (no ring)
                                (no ring)

@: very slightly contaminated, hasted, very quick
A: breathe noxious fumes, unfitting armour, poison resistance, cold-blooded, AC
+6
a: Breathe Noxious Fumes, Berserk, Trog's Hand, Brothers in Arms, Burn
Spellbooks, Renounce Religion


You were on level 6 of the Dungeon.
You worshipped Trog.
Trog was greatly pleased with you.
You were hungry.

You visited 1 branch of the dungeon, and saw 6 of its levels.

You collected 378 gold pieces.

Inventory:

Hand Weapons
 a - a +0 spear (weapon)
Armour
 f - a +0 shield
Jewellery
 s - an amulet of harm (around neck)
Wands
 j - a wand of paralysis (9/24)
 t - a wand of iceblast (5/15)
Scrolls
 c - 3 scrolls of blinking
 d - 2 scrolls of remove curse
 e - a scroll of noise {unknown}
 g - 2 scrolls of amnesia
 h - a scroll of identify
 i - a scroll of random uselessness {unknown}
 l - a scroll of recharging {unknown}
 o - a scroll of enchant armour {unknown}
 p - 2 scrolls of teleportation {unknown}
 r - a scroll of enchant weapon {unknown}
Potions
 k - 2 potions of curing
Comestibles
 b - 3 bread rations
 m - 2 meat rations
 n - 3 beef jerkies


   Skills:
 + Level 6.3 Fighting
 + Level 8.1 Polearms
 + Level 5.7 Dodging
 + Level 2.5 Stealth
 + Level 0.6 Shields


You had 7 spell levels left.
You didn't know any spells.

Dungeon Overview and Level Annotations

Branches:
Dungeon (6/15)             Temple (0/1) D:5

Altars:
Uskayaw
The Shining One


Innate Abilities, Weirdness & Mutations

You can breathe blasts of noxious fumes.
Your lurid green scales are hard. (AC +6)
You cannot fit into any form of body armour.
Your system is resistant to poisons. (rPois)
You are cold-blooded and may be slowed by cold attacks.


Message History

The iguana barely misses you. The centaur barely misses you.
The centaur wields a shortbow.
The centaur shoots an arrow.
The arrow misses you.
You hear a splash.
You hit the iguana but do no damage.
Your tail-slap misses the iguana.
The centaur shoots an arrow.
The arrow closely misses you.
You hear a splash.
It was a potion of haste.
You feel yourself speed up.
The centaur shoots an arrow.
The arrow hits you!
* * * LOW HITPOINT WARNING * * *
The electric eel shoots out a bolt of lightning at you!
The bolt of electricity hits you!
* * * LOW HITPOINT WARNING * * *
The iguana misses you.
You are very lightly contaminated with residual magic.
You feel better.
The centaur shoots an arrow.
The arrow hits you!
* * * LOW HITPOINT WARNING * * *
The electric eel shoots out a bolt of lightning at you!
The bolt of electricity hits you!
You die...

.# ≈≈.≈.≈.≈≈≈##
≈...≈...≈≈≈##
.≈.≈.≈.≈.≈≈≈## .#
..≈.♣.≈...≈≈≈## .#
.≈.≈.≈.≈.≈.≈.≈≈≈#
.#
..≈...≈.[.≈...≈≈#
.##
.≈.;.≈.≈c≈.≈.≈.≈#
..#
;.♣.≈.♣.≈.♣.≈..≈#
..#
.≈.≈.≈.≈)l@≈.≈.≈#
..#
..≈...≈...≈...≈≈#
.##
.≈.≈.≈.≈.≈.≈.≈≈≈#
>#
≈...≈.♣.≈...≈≈≈##
.#
≈≈.≈.≈.≈.≈.≈≈≈##
.#
###≈≈≈...≈...≈≈≈##
.#
#.##≈≈≈.≈.≈.≈≈≈##
.#
#.###≈≈≈...≈≈≈##
.# #.#.##≈≈...≈≈##


You could see a centaur, an iguana and an electric eel.

Vanquished Creatures
  Grinder (D:6)
  Prince Ribbit (D:5)
  An ice beast (D:6)
  2 ogres (D:5)
  The ghost of dobroeutro the Cudgeler, an amateur GrFi (D:3)
  A big kobold (D:3)
  An electric eel (D:6)
  A bullfrog zombie (D:5)
  3 crimson imps (D:5)
  A quasit (D:6)
  3 hounds (D:5)
  A jelly (D:5)
  3 centaur skeletons (D:5)
  3 orc priests
  3 orc wizards (D:5)
  2 worker ants
  A worker ant zombie (D:5)
  9 adders
  2 oozes (D:3)
  6 worms
  4 dart slugs
  5 leopard geckos
  18 orcs
  3 giant cockroaches
  8 goblins
  6 hobgoblins
  A jackal (D:2)
  4 quokkas
  2 ball pythons
  5 bats
  3 frilled lizards
  2 goblin skeletons (D:6)
  A goblin zombie (D:6)
  A hobgoblin zombie (D:6)
  A jackal skeleton (D:4)
  6 kobolds
  2 orc skeletons (D:6)
  An orc zombie (D:6)
  7 rats
126 creatures vanquished.

Notes
Turn   | Place    | Note
-------+----------+-------------------------------------------
     0 | D:1      | jerryfan the Draconian Berserker began the quest for the Orb.
     0 | D:1      | Reached XP level 1. HP: 19/19 MP: 1/1
    78 | D:1      | Reached XP level 2. HP: 14/26 MP: 2/2
   738 | D:2      | Reached XP level 3. HP: 17/31 MP: 3/3
  1344 | D:2      | Reached skill level 4 in Polearms
  1565 | D:3      | Reached ** piety under Trog
  1740 | D:3      | Reached XP level 4. HP: 37/40 MP: 4/4
  2079 | D:3      | Reached XP level 5. HP: 41/47 MP: 5/5
  2102 | D:3      | Noticed dobroeutro's ghost (amateur GrFi)
  2125 | D:3      | HP: 1/47 [dobroeutro's ghost (11)]
  2126 | D:3      | Killed dobroeutro's ghost
  2851 | D:3      | Reached skill level 5 in Polearms
  2851 | D:3      | Reached XP level 6. HP: 48/53 MP: 6/6
  2974 | D:3      | Found a faded altar of an unknown god.
  2974 | D:3      | Found a faded altar of an unknown god.
  2988 | D:3      | Found a faded altar of an unknown god.
  2990 | D:3      | Found a faded altar of an unknown god.
  2992 | D:3      | Found a hide-covered altar of Uskayaw.
  3494 | D:5      | Entered Level 5 of the Dungeon
  3658 | D:5      | Reached skill level 5 in Fighting
  3661 | D:5      | Reached *** piety under Trog
  3662 | D:5      | Reached skill level 1 in Stealth
  3668 | D:5      | Your scales start taking on a lurid green colour.
  3668 | D:5      | Reached XP level 7. HP: 61/61 MP: 7/7
  3668 | D:5      | Gained mutation: Your system is resistant to poisons. (rPois) [Green Draconian growth]
  3782 | D:5      | Reached skill level 6 in Polearms
  3878 | D:5      | Upgraded the game from 0.19.0-9-gfd783f2 to 0.19.0-11-g3fc08b3
  4266 | D:5      | Found a staircase to the Ecumenical Temple.
  4350 | D:5      | Noticed Prince Ribbit
  4373 | D:5      | Killed Prince Ribbit
  4373 | D:5      | Reached skill level 7 in Polearms
  4373 | D:5      | Reached skill level 5 in Dodging
  4373 | D:5      | Reached XP level 8. HP: 39/70 MP: 8/8
  4813 | D:6      | Found a glowing golden altar of the Shining One.
  5030 | D:6      | Reached **** piety under Trog
  5119 | D:6      | Noticed Grinder
  5174 | D:6      | Killed Grinder
  5174 | D:6      | Reached skill level 8 in Polearms
  5357 | D:6      | Killed from afar by an electric eel

Skill      XL: |  1  2  3  4  5  6  7  8 |
---------------+-------------------------+-----
Dodging        | 3 4 5 |  5.7
Polearms       | 4 5 7 8 |  8.1
Fighting       | 4 5 6 |  6.3
Stealth        | 1 2 |  2.5
Shields        | |  0.6

Action                   |  1- 3 |  4- 6 |  7- 9 || total
-------------------------+-------+-------+-------++-------
Melee: Spear             |   170 |   189 |   216 ||   575
       Tailslap          |    14 |    31 |    23 ||    68
Invok: Berserk           |       |     2 |     2 ||     4
       Trog's Hand       |       |       |     1 ||     1
 Abil: Breathe Noxious F |       |       |     8 ||     8
Evoke: Wand              |       |     1 |     2 ||     3
  Use: Scroll            |     2 |     3 |       ||     5
       Potion            |     1 |     3 |     2 ||     6
 Stab: Sleeping          |       |       |     1 ||     1
  Eat: Chunk             |     3 |     6 |     8 ||    17
       Beef jerky        |       |     1 |       ||     1
       Pizza             |       |       |     1 ||     1
Armor: Skin              |    31 |    38 |    56 ||   125
Dodge: Dodged            |    85 |   104 |   144 ||   333
Block: Shield            |    20 |       |       ||    20
